Map: Terraform LE (Void)

Players

TgfB - Winner!

  • Race: Protoss Protoss
  • League: Diamond

SkyBlaze

  • Race: Protoss Protoss
  • League: Platinum

Event: Lycan League Weekly August #2

VOD

Have the link to the VOD?

Description

Time

  • Played on: Aug. 10, 2015, 12:15 p.m.
  • Length: 7:05

All games in this series

Show
View Real Time Build Order
Export as new Build Order

TgfB Protoss - Winner!

Build Orders: Oracle Opening 

Get SALT Encoding   

  12  0:01  Probe  
  13  0:13  Pylon  
  13  0:18  Probe  
  14  0:31  Probe (Chrono Boost)  
  14  0:35  Gateway  
  15  0:41  Probe (Chrono Boost)  
  16  0:43  Assimilator  
  16  0:48  Probe  
  17  0:56  Assimilator  
  17  1:00  Probe  
  18  1:10  Gateway  
  18  1:13  Probe  
  19  1:22  Cybernetics Core  
  19  1:26  Probe  
  20  1:35  Pylon  
  20  1:38  Probe  
  21  1:50  Probe  
  22  1:58  Adept (Chrono Boost)  
  22  1:59  Adept (Chrono Boost)  
  26  2:04  Mothership Core  
  26  2:07  Warp Gate (Chrono Boost)  
  28  2:15  Pylon  
  28  2:26  Adept (Chrono Boost)  
  30  2:33  Probe  
  30  2:34  Adept (Chrono Boost)  
  33  2:44  Stargate  
  33  2:47  Probe  
  34  2:55  Stalker  
  36  3:01  Probe  
  37  3:14  Probe  
  37  3:16  Pylon  
  34  3:29  Probe  
  35  3:36  Oracle  
  35  3:38  Gateway  
  38  3:55  Twilight Council  
  34  3:57  Pylon  
  34  4:08  Stalker  
  34  4:09  Stalker  
  38  4:15  Pylon  
  38  4:31  Nexus  
  38  4:53  Adept  
  38  4:54  Adept x2  
  44  5:04  Forge  
  44  5:14  Shield Upgrade (Chrono Boost)  
  44  5:19  Adept x3  
  50  5:37  Photon Cannon  
  50  5:40  Probe  
  51  5:43  Probe  
  51  5:48  Pylon  
  52  5:58  Probe x2  
  52  6:01  Pylon  
  54  6:10  Probe x2  
  56  6:12  Adept x2  
  56  6:18  Adept  
  62  6:25  Photon Cannon  
  62  6:28  Probe  
  62  6:29  Probe  
  62  6:54  Adept x3  
  68  7:01  Assimilator  
  68  7:03  Assimilator  
Show
View Real Time Build Order
Export as new Build Order

SkyBlaze Protoss 

Build Orders:  

Get SALT Encoding   

  12  0:01  Probe  
  13  0:14  Pylon  
  13  0:18  Probe  
  14  0:34  Gateway  
  14  0:37  Probe (Chrono Boost)  
  15  0:48  Assimilator  
  15  0:49  Probe (Chrono Boost)  
  16  0:53  Assimilator  
  16  0:59  Probe (Chrono Boost)  
  17  1:07  Pylon  
  18  1:11  Probe (Chrono Boost)  
  18  1:20  Probe (Chrono Boost)  
  18  1:25  Cybernetics Core  
  19  1:28  Probe  
  20  1:40  Probe  
  21  2:02  Mothership Core (Chrono Boost), Stalker  
  21  2:05  Warp Gate (Chrono Boost)  
  25  2:21  Pylon  
  25  2:31  Gateway x2  
  25  2:32  Stalker  
  25  2:35  Probe  
  28  2:56  Pylon  
  28  3:10  Probe (Chrono Boost)  
  22  3:22  Probe (Chrono Boost), Pylon  
  21  3:29  Probe  
  21  3:32  Zealot  
  24  3:50  Probe (Chrono Boost)  
  22  4:03  Probe (Chrono Boost)  
  22  4:05  Stalker x2  
  26  4:10  Stalker  
  26  4:24  Probe  
  27  4:37  Probe  
  27  5:00  Probe (Chrono Boost)  
  28  5:13  Probe (Chrono Boost)  
  27  5:34  Probe  
  28  5:46  Nexus  
  28  5:50  Probe  
  29  6:00  Twilight Council  
  29  6:02  Probe (Chrono Boost)  
  30  6:05  Sentry  
  30  6:09  Sentry x2  
  36  6:15  Probe (Chrono Boost)  
  37  6:23  Probe (Chrono Boost)  
  38  6:32  Probe  
  34  6:57  Pylon  
  34  7:00  Stalker x2  

Tags
 
Add a new tag
Caveats
  • Supply blocks, unpowered buildings, or Contaminate may cause inaccurate times.
  • Supply counts are checked every 10 seconds.